 Dungeon Crawl Stone Soup version 0.30.0-3-ga4e48a9924 (webtiles) character file.

Game seed: 9572394971357763152

2771 Gelion the Destroyer (level 9, -4/52 HPs)
             Began as a Deep Elf Conjurer on May 7, 2023.
             Slain by a hornet zombie (6 damage)
             ... in an ossuary.
             The game lasted 00:18:52 (8033 turns).

Gelion the Destroyer (Deep Elf Conjurer)            Turns: 8033, Time: 00:18:52

Health: -4/52      AC:  5    Str:  4    XL:     9   Next: 42%
Magic:  10/23      EV: 17    Int: 28    God:
Gold:   408        SH:  0    Dex: 13    Spells: 21/24 levels left

rFire   . . .        i - staff of conjuration
rCold   . . .        (no shield)
rNeg    . . .        a - +0 robe
rPois   .            w - +0 helmet
rElec   .            (no cloak)
rCorr   .            (no gloves)
SInv    .            o - +1 pair of boots
Will    +....        (no amulet)
Stlth   ++           g - ring of willpower
HPRegen 0.28/turn    j - +5 ring of evasion
MPRegen 0.18/turn

%: no passive effects
@: no status effects
A: no striking features
a: no special abilities


You were in an ossuary.
You visited 1 branch of the dungeon, and saw 9 of its levels.
You also visited: Ossuary.

You collected 408 gold pieces.

Inventory:

Missiles
 d - 3 javelins
Armour
 a - a +0 robe (worn)
 o - a +1 pair of boots (worn)
 w - a +0 helmet (worn)
Magical Staves
 i - a staff of conjuration (weapon)
Jewellery
 g - a ring of willpower (left hand)
 j - a +5 ring of evasion (right hand)
Wands
 r - a wand of quicksilver (12)
Scrolls
 c - a scroll of blinking
 f - a scroll of enchant weapon
 m - a scroll of poison
 v - a scroll of enchant armour
 x - 4 scrolls of teleportation
Potions
 b - 4 potions of magic
 e - 4 potions of haste
 h - 3 potions of heal wounds
 k - a potion of curing {unknown}
 l - a potion of mutation
 n - a potion of degeneration {unknown}
 p - 3 potions of might
 s - a potion of attraction {unknown}
 t - 2 potions of ambrosia
 z - 2 potions of brilliance


   Skills:
 + Level 4.7 Fighting
 + Level 5.4 Staves
 - Level 2.4 Dodging
 - Level 2.4 Stealth
 + Level 8.2 Spellcasting
 * Level 10.1 Conjurations


You had 21 spell levels left.
You knew the following spells:

 Your Spells              Type           Power      Damage    Failure   Level
a - Magic Dart            Conj           100%       1d8       1%          1
b - Searing Ray           Conj           100%       2d8       1%          2

Your spell library contained the following spells:

 Spells                   Type           Power      Damage    Failure   Level
 Dazzling Flash           Conj/Hex       100%       N/A       1%          3
 Fulminant Prism          Conj/Hex       28%        3d14      6%          4
 Iskenderun's Mystic Bla  Conj/Tloc      56%        2d12      6%          4
 Ozocubu's Armour         Ice            11%        N/A       14%         3
 Tukima's Dance           Hex            11%        N/A       14%         3
 Passage of Golubria      Tloc           11%        N/A       43%         4
 Yara's Violent Unravell  Hex/Tmut       5%         3d4       80%         5
 Ozocubu's Refrigeration  Ice            5%         4d8       100%        7


Dungeon Overview and Level Annotations

Branches:
Dungeon (9/15)            Ossuary (1/1)
 Temple: D:4-7         Lair: D:8-11         Orc: D:9-12

Altars:
Fedhas
Makhleb
Ru
Uskayaw
The Shining One

Shops:
D:9 :

Annotations:
D:5 exclusion: oklob plant
D:9 exclusion: ice statue


Message History

Press: ? - help, Shift-Dir - straight line, f/p - bog mummy
Aim: a bog mummy (almost destroyed, 92% to hit)
You feel a surge of power!
The searing ray hits the bog mummy!
You destroy the bog mummy! (Press . to maintain the ray.)
The searing ray hits the hornet zombie!
The hornet zombie is lightly damaged.
The hornet zombie hits you!
The searing ray hits the hornet zombie.
The hornet zombie is moderately damaged.
The hornet zombie hits you!
The searing ray hits the hornet zombie.
The hornet zombie is moderately damaged.
You finish channelling your searing ray.
The hornet zombie closely misses you. The hornet zombie hits you!
Casting: Searing Ray (safe; 1% risk of failure)
Confirm with . or Enter, or press ? or * to list all spells.
Aiming: Searing Ray (safe; 1% risk of failure)
Press: ? - help, Shift-Dir - straight line, f - hornet zombie
Aim: a hornet zombie (moderately damaged, 85% to hit)
You feel a surge of power!
The searing ray hits the hornet zombie.
The hornet zombie is heavily damaged. (Press . to maintain the ray.)
The hornet zombie hits you! The hornet zombie closely misses you.
The searing ray hits the hornet zombie!
The hornet zombie is severely damaged.
The hornet zombie hits you!
* * * LOW HITPOINT WARNING * * *
The searing ray hits the hornet zombie!
The hornet zombie is almost destroyed.
The hornet zombie barely misses you.
The searing ray hits the hornet zombie.
The hornet zombie is almost destroyed.
You finish channelling your searing ray.
The hornet zombie hits you.
* * * LOW HITPOINT WARNING * * *
The hornet zombie barely misses you. The hornet zombie hits you.
You die...

#∩..#...#
'#####~≈~#
..~.~~~..#
+#####~~##
#.. #~~.# #..
#.~## #..
#...#
+##+##'##.###
...~~~Z@..+
#~#'#~#'#+#
.~ #.# #~ ###
#


You could see a hornet zombie.

Vanquished Creatures
  3 yaks (D:6)
  A hornet zombie (Ossuary)
  A black bear (D:6)
  An ogre (D:3)
  4 centaurs
  A kobold brigand (D:9)
  A necrophage (D:6)
  2 wyvern zombies (Ossuary)
  A water moccasin zombie (D:6)
  4 wights (D:6)
  3 howler monkeys
  2 centaur zombies (D:6)
  A human zombie (D:6)
  3 orc priests
  6 hounds
  3 bullfrog zombies
  Natasha (thrice) (D:4)
  An iguana (D:5)
  2 orc wizards (D:5)
  2 killer bee zombies (Ossuary)
  2 howler monkey zombies
  11 mummies
  6 gnolls
  7 adders
  A shadow imp (D:6)
  7 ufetubi (D:9)
  2 worms
  3 dart slugs
  12 orcs
  3 ball pythons
  12 endoplasms
  2 giant cockroaches (D:3)
  6 goblins
  9 hobgoblins
  3 jackals (D:3)
  5 quokkas
  4 bats
  A frilled lizard (D:2)
  11 kobolds
  6 rats
158 creatures vanquished.

Vanquished Creatures (others)
  22 plants
  6 withered plants (Ossuary)
28 creatures vanquished.

Grand Total: 186 creatures vanquished

Notes
Turn   | Place    | Note
-------+----------+-------------------------------------------
     0 | D:1      | Gelion the Deep Elf Conjurer began the quest for the Orb.
     0 | D:1      | Reached XP level 1. HP: 10/10 MP: 6/6
   257 | D:1      | Reached XP level 2. HP: 16/16 MP: 6/8
   521 | D:1      | Learned a level 2 spell: Searing Ray
  1220 | D:2      | Reached skill level 5 in Conjurations
  1220 | D:2      | Reached XP level 3. HP: 20/20 MP: 5/10
  1269 | D:2      | Reached skill level 1 in Fighting
  1677 | D:2      | Reached XP level 4. HP: 23/25 MP: 8/11
  2020 | D:3      | Reached skill level 1 in Staves
  2275 | D:3      | Noticed an ogre
  2281 | D:3      | Killed an ogre
  2282 | D:3      | Reached XP level 5. HP: 30/30 MP: 5/13
  3067 | D:4      | Reached skill level 6 in Conjurations
  3194 | D:4      | Reached XP level 6. HP: 33/35 MP: 6/15
  3268 | D:4      | Found a hide-covered altar of Uskayaw.
  3531 | D:4      | Found a burning altar of Makhleb.
  3727 | D:4      | Found a glowing golden altar of the Shining One.
  3808 | D:4      | Noticed Natasha
  3813 | D:4      | Killed Natasha
  3814 | D:4      | Reached skill level 5 in Spellcasting
  4133 | D:4      | Noticed Natasha
  4138 | D:4      | Killed Natasha
  4223 | D:4      | Noticed Natasha
  4228 | D:4      | Killed Natasha
  4300 | D:5      | Entered Level 5 of the Dungeon
  4423 | D:5      | Found a blossoming altar of Fedhas.
  4434 | D:5      | Noticed an oklob plant
  4594 | D:5      | Reached XP level 7. HP: 40/40 MP: 11/17
  4621 | D:5      | Reached skill level 7 in Conjurations
  5524 | D:6      | Found a sacrificial altar of Ru.
  5891 | D:6      | Reached XP level 8. HP: 46/46 MP: 8/19
  5909 | D:6      | Reached skill level 8 in Conjurations
  6521 | D:6      | Reached skill level 9 in Conjurations
  6723 | D:6      | You fall into a shaft and drop 3 floors!
  6742 | D:9      | Noticed an ice devil
  6744 | D:9      | Noticed an ice devil
  6746 | D:9      | Noticed an ice statue
  6746 | D:9      | Noticed an ice devil
  6747 | D:9      | Noticed an ice devil
  6769 | D:9      | Found Mimalu Riwn's Tremendous Tomes.
  6797 | D:9      | Reached XP level 9. HP: 52/52 MP: 10/22
  6992 | D:9      | Noticed an ice devil
  7386 | D:9      | Reached skill level 5 in Staves
  7559 | D:7      | Found a sand-covered staircase.
  7566 | Ossuary  | Entered an ossuary
  7783 | Ossuary  | Reached skill level 10 in Conjurations
  8032 | Ossuary  | HP: 2/52 [hornet zombie (5)]
  8033 | Ossuary  | Slain by a hornet zombie

Illustrated notes

Levels and vault maps discovered:
D:1:      minmay_arrival_radiant_lines, layout_basic
D:2:      layout_basic
D:3:      layout_basic
D:4:      layout_gridville, mainiacjoe_overflow_alcove_4, old_standard_altar,
          tso_oasis_becter, serial_park_tiny_1, hex_tiny, uniq_natasha
D:5:      layout_loops_ring, tgw_fedhas
D:6:      layout_basic, chei_slow_surprise, general_overflow_altar,
          mainiacjoe_overflow_boulevard, lemuel_mausoleum_altar_yredelemnul,
          minmay_temple_entry_poolview
D:7:      layout_basic, serial_bayou, serial_bayou_pond_a,
          serial_bayou_lagoon_a, serial_bayou_pond_c, serial_bayou_pond_e,
          serial_bayou_lagoon_b, serial_bayou_pond_c,
          nicolae_ossuary_entry_ruins, minmay_hollow_rounded_squares
D:8:      layout_basic, mainiacjoe_overflow_alcove_1, lair_entry_dummy
D:9:      cheibrodos_frozen_isle, layout_loops_ring,
          mainiacjoe_overflow_concentric_impassable, gammafunk_ghost_split,
          serial_bayou_pond_c, corexii_corridor_pit, kennysheep_cluttered_room,
          nicolae_shop_i_like_big_books, kennysheep_donut,
          chequers_serial_rivers_micro_c
Ossuary:  ossuary_zaba_flooded

Skill      XL: |  1  2  3  4  5  6  7  8  9 |
---------------+----------------------------+-----
Conjurations   | 5 6 7 9 10 | 10.1
Fighting       | 1 2 3 4 |  4.7
Spellcasting   | 4 5 6 7 8 |  8.2
Staves         | 1 2 3 4 5 |  5.4
Dodging        | |  2.4
Stealth        | |  2.4

Action                     |  1- 3 |  4- 6 |  7- 9 || total
---------------------------+-------+-------+-------++-------
  Melee: Staff             |       |       |    14 ||    14
   Cast: Magic Dart        |    70 |    97 |    74 ||   241
         Searing Ray       |     4 |    11 |    65 ||    80
    Use: Scroll            |       |     6 |     8 ||    14
 Armour: Robe              |       |     1 |    13 ||    14
  Dodge: Dodged            |     8 |     9 |    84 ||   101
